 Dungeon Crawl Stone Soup version 0.21.0 (webtiles) character file.

238 Blackhawk the Chiller (level 6, 0/41 HPs)
             Began as a Merfolk Ice Elementalist on May 23, 2018.
             Was a Follower of Makhleb.
             Slain by Grinder (5 damage)
             ... while paralysed by Grinder
             ... on level 3 of the Dungeon on May 24, 2018.
             The game lasted 00:24:48 (3347 turns).

Blackhawk the Chiller (Merfolk Ice Elementalist)    Turns: 3347, Time: 00:24:48

Health: 0/41       AC:  3    Str:  8    XL:     6   Next: 7%
Magic:  3/11       EV:  2    Int: 17    God:    Makhleb [*.....]
Gold:   55         SH:  0    Dex: 14    Spells: 9/12 levels left

rFire    . . .     SeeInvis .   q - +3 dagger (flame)
rCold    . . .     Gourm    .   (no shield)
rNeg     . . .     Faith    +   a - +1 robe
rPois    .         Spirit   .   (no helmet)
rElec    .         Reflect  .   (no cloak)
rCorr    .         Harm     .   (no gloves)
MR       .....                  (no boots)
Stlth    ++........             o - amulet of faith
HPRegen  0.13/turn              (no ring)
MPRegen  0.12/turn              (no ring)

@: paralysed
A: change form in water, swift swim, stealthy swim
a: Renounce Religion


You were on level 3 of the Dungeon.
You worshipped Makhleb.
Makhleb was aware of your devotion.
You were hungry.

You visited 1 branch of the dungeon, and saw 3 of its levels.

You collected 55 gold pieces.

Inventory:

Hand Weapons
 p - a +0 dagger
 q - a +3 dagger of flaming (weapon)
Armour
 a - a +1 robe (worn)
Jewellery
 o - an amulet of faith (around neck)
Scrolls
 e - 2 scrolls of identify
 f - 2 scrolls of enchant armour
 g - a scroll of random uselessness
 l - a scroll of fear {unknown}
 n - a scroll of remove curse
 r - 2 scrolls of teleportation
Potions
 d - a potion of brilliance
 i - 2 potions of lignification
 j - a potion of ambrosia {unknown}
Books
 b - a book of Frost

   Spells                             Type                      Level
   a - Freeze                         Ice                          1
   b - Throw Frost                    Conjuration/Ice              2
   c - Ozocubu's Armour               Charms/Ice                   3
   d - Throw Icicle                   Conjuration/Ice              4
   e - Summon Ice Beast               Ice/Summoning                4
 m - a book of Minor Magic

   Spells                             Type                      Level
   a - Magic Dart                     Conjuration                  1
   b - Blink                          Translocation                2
   c - Call Imp                       Summoning                    2
   d - Slow                           Hexes                        2
   e - Conjure Flame                  Conjuration/Fire             3
   f - Mephitic Cloud                 Conjuration/Poison/Air       3
 s - a book of Maledictions

   Spells                             Type                      Level
   a - Corona                         Hexes                        1
   b - Ensorcelled Hibernation        Hexes/Ice                    2
   c - Confuse                        Hexes                        3
   d - Tukima's Dance                 Hexes                        3
   e - Dazzling Spray                 Conjuration/Hexes            3
Comestibles
 c - 3 rations
 k - 5 chunks of flesh


   Skills:
 - Level 0.1 Fighting
 + Level 1.1 Short Blades
 + Level 4.2 Dodging
 - Level 2.7 Stealth
 + Level 0.6 Unarmed Combat
 + Level 3.5 Spellcasting
 - Level 0.8 Conjurations
 + Level 5.0 Ice Magic


You had 9 spell levels left.
You knew the following spells:

 Your Spells              Type           Power        Failure   Level  Hunger
a - Freeze                Ice            ###.         1%          1    None
b - Throw Frost           Conj/Ice       ##....       8%          2    ##.....


Dungeon Overview and Level Annotations

Branches:
Dungeon (3/15)

Altars:
Makhleb

Annotations:
D:3 Grinder


Message History

* * * LOW HITPOINT WARNING * * *
Unknown command.
You hit Grinder but do no damage.
Grinder is moderately wounded.
Grinder blinks!
Unknown command.
Grinder barely misses you.
Grinder blinks!
Grinder gestures at you.
You suddenly lose the ability to move!
You can move again.
Grinder gestures at you. You resist with significant effort.
Grinder gestures at you.
You suddenly lose the ability to move!
Grinder says, "What is the universe for?"
Grinder hits you!
* * * LOW HITPOINT WARNING * * *
You writhe in agony.
You die...

#...##...# ####........#### #..
#####..............## #...
##...................##
##...##..##.................#
...(.......#.....#..........#.#
.#..#....#......##...........#.#
....#......##...##...........#..
..............<@5..###....#####.
#.....#....รท..............###...
....................##.#...##...
#....().............#..#.#......
#................#....####...
###......(........#...#####...
#........?.........#......##...
#.##.......................#... #
##.#..........#.............


You could see Grinder.

Vanquished Creatures
  The ghost of Hekarica the Stinger, an amateur OpVM (D:3)
  An orc wizard (D:2)
  4 gnolls
  3 adders (D:2)
  An ooze (D:1)
  A dart slug (D:2)
  3 leopard geckos
  An orc (D:2)
  7 bats
  3 giant cockroaches
  7 goblins
  5 hobgoblins
  9 jackals
  2 quokkas (D:2)
  A ball python (D:1)
  5 frilled lizards
  5 kobolds
  8 rats
67 creatures vanquished.

Notes
Turn   | Place    | Note
-------+----------+-------------------------------------------
     0 | D:1      | Blackhawk the Merfolk Ice Elementalist began the quest for the Orb.
     0 | D:1      | Reached XP level 1. HP: 13/13 MP: 3/3
   191 | D:1      | Reached XP level 2. HP: 14/19 MP: 0/5
   529 | D:1      | Learned a level 2 spell: Throw Frost
  1119 | D:2      | Reached XP level 3. HP: 12/24 MP: 2/6
  1266 | D:2      | Reached skill level 4 in Ice Magic
  1344 | D:2      | Found a burning altar of Makhleb.
  1344 | D:2      | Noticed a cacodemon
  1347 | D:2      | Noticed a neqoxec
  1347 | D:2      | Noticed a hellwing
  1349 | D:2      | Became a worshipper of Makhleb the Destroyer
  1630 | D:2      | Reached XP level 4. HP: 26/30 MP: 5/8
  2411 | D:3      | Reached XP level 5. HP: 35/35 MP: 4/9
  2438 | D:2      | Reached * piety under Makhleb
  2722 | D:3      | Noticed Hekarica's ghost (amateur OpVM)
  3018 | D:3      | Killed Hekarica's ghost
  3018 | D:3      | Reached skill level 1 in Short Blades
  3018 | D:3      | Reached XP level 6. HP: 15/41 MP: 1/11
  3256 | D:3      | Reached skill level 5 in Ice Magic
  3296 | D:3      | Noticed Grinder
  3311 | D:3      | HP: 2/41 [Grinder/nerve-wracking pain (13)]
  3317 | D:3      | Paralysed by Grinder for 2 turns
  3320 | D:3      | Paralysed by Grinder for 3 turns
  3335 | D:3      | Paralysed by Grinder for 4 turns
  3344 | D:3      | Paralysed by Grinder for 7 turns
  3347 | D:3      | Slain by Grinder

Skill      XL: |  1  2  3  4  5  6 |
---------------+-------------------+-----
Ice Magic      | 4 5 |  5.0
Dodging        | 3 4 |  4.2
Spellcasting   | 3 |  3.5
Short Blades   | 1 |  1.1
Fighting       | |  0.1
Stealth        | |  2.7
Unarmed Combat | |  0.6
Conjurations   | |  0.8

Action                   |  1- 3 |  4- 6 || total
-------------------------+-------+-------++-------
Melee: Unarmed           |    53 |       ||    53
       Dagger            |    19 |    91 ||   110
       Punch             |       |     1 ||     1
 Cast: Freeze            |    39 |    28 ||    67
       Throw Frost       |     9 |    27 ||    36
  Use: Scroll            |       |     8 ||     8
       Potion            |       |     4 ||     4
 Stab: Sleeping          |       |     2 ||     2
  Eat: Chunk             |     4 |     6 ||    10
Armor: Robe              |    22 |    64 ||    86
       Skin              |       |     5 ||     5
Dodge: Dodged            |    85 |   192 ||   277
